 Dungeon Crawl Stone Soup version 0.22-a0-482-g76e0a5f (webtiles) character file.

106 Gildeon the Conjurer (level 4, -3/27 HPs)
             Began as an Octopode Conjurer on June 17, 2018.
             Slain by an ice beast (14 damage)
             ... on level 3 of the Dungeon.
             The game lasted 00:12:19 (2275 turns).

Gildeon the Conjurer (Octopode Conjurer)            Turns: 2275, Time: 00:12:20

Health: -3/27      AC:  1    Str:  7    XL:     4   Next: 84%
Magic:  6/8        EV: 13    Int: 18    God:
Gold:   105        SH:  0    Dex: 12    Spells: 2/8 levels left

rFire    . . .     SeeInvis .   h - +0 dagger
rCold    . . .     Gourm    .   (no shield)
rNeg     . . .     Faith    .   (helmet restricted)
rPois    .         Spirit   .   (no amulet)
rElec    .         Reflect  .   (no ring)
rCorr    .         Harm     .   (no ring)
MR       .....                  (no ring)
Stlth    +++.......             (no ring)
HPRegen  0.09/turn              (no ring)
MPRegen  0.11/turn              (no ring)
                                (no ring)
                                (no ring)

@: no status effects
A: almost no armour, stealthy swim, amphibious, 8 rings, constrict 8, camouflage
1, gelatinous body 1
a: no special abilities


You were on level 3 of the Dungeon.
You were not hungry.

You visited 1 branch of the dungeon, and saw 3 of its levels.

You collected 105 gold pieces.

Inventory:

Hand Weapons
 h - a +0 dagger (weapon)
 m - a cursed -3 dagger
Scrolls
 a - a scroll of noise {unknown}
 c - a scroll of fear {unknown}
 i - a scroll of teleportation {unknown}
 l - a scroll of magic mapping {unknown}
Potions
 e - 2 potions of flight
 g - 2 potions of curing
 j - a potion of agility
 k - a potion of brilliance
 n - a potion of heal wounds {unknown}
 o - a potion of mutation {unknown}
Comestibles
 b - 5 rations
 d - 3 chunks of flesh


   Skills:
 + Level 2.5 Dodging
 + Level 4.2 Stealth
 + Level 2.8 Spellcasting
 + Level 4.5 Conjurations
 + Level 0.8 Hexes


You had 2 spell levels left.
You knew the following spells:

 Your Spells              Type           Power        Failure   Level  Hunger
a - Magic Dart            Conj           ###.         2%          1    None
b - Searing Ray           Conj           ###...       3%          2    ##.....
c - Dazzling Spray        Conj/Hex       ##....       16%         3    ###....

Your spell library contained the following spells:

 Spells                   Type           Power        Failure   Level  Hunger
 Iskenderun's Mystic Bla  Conj           ###.....     26%         4    ####...
 Fulminant Prism          Conj/Hex       ##........   47%         4    ####...
 Force Lance              Conj/Tloc      ##......     54%         4    ####...


Dungeon Overview and Level Annotations

Branches:
Dungeon (3/15)

Altars:
Yredelemnul

Annotations:
D:2 exclusion: 2 gnolls


Innate Abilities, Weirdness & Mutations

You cannot wear most types of armour.
You are very stealthy in the water. (Stealth+)
You are amphibious.
You can wear up to eight rings at the same time.
You can use your tentacles to constrict eight enemies at once.
Your skin changes colour to match your surroundings (Stealth+).
Your rubbery body absorbs attacks. (AC +1, EV +1)


Message History

You hear the slow rusting of a very distant drain.
You hear a splashing noise.
Found 15 stones.
Found 29 sling bullets.
An ice beast comes into view.
Found a short sword.
You see here 15 stones.
Casting: Magic Dart (safe; 2% risk of failure)
Confirm with . or Enter, or press ? or * to list all spells.
Aiming: Searing Ray (safe; 3% risk of failure)
Press: ? - help, Shift-Dir - straight line, f - ice beast
Aim: an ice beast (hasn't noticed you)
The searing ray hits the ice beast.
The ice beast is lightly wounded. (Press . to maintain the ray.)
The ice beast hits you. The ice beast freezes you!
* * * LOW HITPOINT WARNING * * *
You feel better. The ice beast hits you. The ice beast freezes you!
Ouch! That really hurt!
You die...

≈≈≈..≈P≈≈≈≈≈≈≈≈≈≈.####
..≈...≈≈≈≈≈P≈≈♣≈......
................#.#####
≈≈...≈..........<.....#
♣≈≈≈≈≈≈.≈≈....###...#.#
≈♣P≈PP≈≈≈≈P♣.#......#
o≈♣≈≈♣♣≈≈♣≈#.#.###### .
♣♣♣ ♣♣♣♣##.#.# ♣ #@#.#
#.. #Y# ....)###.#
#...(.# .(.........#
...............
..#..########.# ..... .
####


You could see an ice beast.

Vanquished Creatures
  4 adders
  An ooze (D:1)
  3 worms
  A dart slug (D:1)
  A leopard gecko (D:2)
  2 giant cockroaches (D:3)
  4 goblins
  7 hobgoblins
  14 jackals
  4 bats
  A frilled lizard (D:2)
  6 kobolds
  5 rats
53 creatures vanquished.

Notes
Turn   | Place    | Note
-------+----------+-------------------------------------------
     0 | D:1      | Gildeon the Octopode Conjurer began the quest for the Orb.
     0 | D:1      | Reached XP level 1. HP: 11/11 MP: 3/3
   204 | D:1      | You fall through a shaft!
   341 | D:1      | Reached XP level 2. HP: 17/17 MP: 1/5
   900 | D:1      | Reached XP level 3. HP: 17/21 MP: 6/6
   914 | D:1      | Learned a level 2 spell: Searing Ray
   918 | D:1      | Learned a level 3 spell: Dazzling Spray
  1361 | D:2      | Reached XP level 4. HP: 20/27 MP: 2/7
  2017 | D:2      | Found a basalt altar of Yredelemnul.
  2270 | D:3      | Noticed an ice beast
  2275 | D:3      | Slain by an ice beast

Vault maps used:
D:1:      dpeg_arrival_round_a, roderic_three_in_a_row, palyth_stone_intersect
D:2:      doesnt_xom_only_xom
D:3:      serial_bayou, serial_bayou_crossing, serial_bayou_pond_c,
          serial_bayou_lagoon_a, serial_bayou_ford_a, portal_sewer_entry_d,
          kennysheep_generic_room_10

Skill      XL: |  1  2  3 |
---------------+----------+-----
Stealth        | 3 4 |  4.2
Dodging        | |  2.5
Spellcasting   | |  2.8
Conjurations   | |  4.5
Hexes          | |  0.8

Action                   |  1- 3 |  4- 6 || total
-------------------------+-------+-------++-------
Melee: Unarmed           |    10 |       ||    10
       Constrict         |     9 |    12 ||    21
       Tentacles         |     4 |     4 ||     8
       Dagger            |    31 |    44 ||    75
 Cast: Magic Dart        |    32 |    34 ||    66
       Searing Ray       |       |     1 ||     1
  Use: Scroll            |       |     4 ||     4
       Potion            |       |     1 ||     1
 Stab: Sleeping          |     6 |     3 ||     9
  Eat: Chunk             |     2 |     3 ||     5
Armor: Skin              |       |     8 ||     8
Dodge: Dodged            |    33 |    37 ||    70

Table legend:
 A = Spawn XP
 B = Non-spawn XP
 C = Spawn XP percentage of total XP
 D = Spawn monster count
 E = Non-spawn monster count
 F = Spawn count percentage of total count
 G = Total turns spent on level
                    A         B        C        D         E        F      G
               +---------+---------+-------+---------+---------+-------+---------
         Total |       0 |     152 |   0.0 |       0 |      53 |   0.0 |  2275
               +---------+---------+-------+---------+---------+-------+---------
           D:1 |       0 |      39 |   0.0 |       0 |      19 |   0.0 |  1214
           D:2 |       0 |      91 |   0.0 |       0 |      30 |   0.0 |   945
           D:3 |       0 |      22 |   0.0 |       0 |       4 |   0.0 |   116
               +---------+---------+-------+---------+---------+-------+---------
